 Dungeon Crawl Stone Soup version 0.23-b1-70-gd12f7cf (webtiles) character file.

Game seed: 16052237880893424596

172 infcreate the Conjurer (level 5, -4/28 HPs)
             Began as a Deep Elf Conjurer on Feb 6, 2019.
             Slain by an orc wizard
             ... wielding a +0 dagger
              (6 damage)
             ... on level 3 of the Dungeon.
             The game lasted 00:11:07 (2099 turns).

infcreate the Conjurer (Deep Elf Conjurer)          Turns: 2099, Time: 00:11:07

Health: -4/28      AC:  2    Str:  5    XL:     5   Next: 27%
Magic:  4/13       EV: 14    Int: 21    God:
Gold:   83         SH:  0    Dex: 15    Spells: 3/13 levels left

rFire    . . .     SeeInvis .   (no weapon)
rCold    . . .     Gourm    .   (no shield)
rNeg     . . .     Faith    .   a - +0 robe
rPois    .         Spirit   .   (no helmet)
rElec    .         Reflect  .   (no cloak)
rCorr    .         Harm     .   (no gloves)
MR       .....                  (no boots)
Stlth    ++........             (no amulet)
HPRegen  0.09/turn              (no ring)
MPRegen  0.13/turn              (no ring)

@: lethally poisoned (-4 -> -8)
A: no striking features
a: no special abilities


You were on level 3 of the Dungeon.
You were not hungry.

You visited 1 branch of the dungeon, and saw 3 of its levels.

You collected 83 gold pieces.

Inventory:

Armour
 a - a +0 robe (worn)
Jewellery
 g - an uncursed ring of ice
Scrolls
 e - 2 scrolls of teleportation {unknown}
 f - 3 scrolls of identify {unknown}
 j - a scroll of remove curse {unknown}
 k - a scroll of fog {unknown}
 l - 2 scrolls of amnesia {unknown}
Potions
 b - a potion of curing {unknown}
 d - a potion of brilliance {unknown}
 h - a potion of lignification {unknown}
 i - a potion of haste {unknown}
Comestibles
 c - 8 rations


   Skills:
 * Level 3.4 Dodging
 + Level 3.1 Stealth
 + Level 4.5 Spellcasting
 + Level 5.9 Conjurations


You had 3 spell levels left.
You knew the following spells:

 Your Spells              Type           Power        Failure   Level  Hunger
a - Magic Dart            Conj           ####         1%          1    None
b - Searing Ray           Conj           ####..       1%          2    #......
c - Dazzling Spray        Conj/Hex       ###...       10%         3    ##.....
d - Iskenderun's Mystic   Conj           ####....     10%         4    ####...

Your spell library contained the following spells:

 Spells                   Type           Power        Failure   Level  Hunger
 Force Lance              Conj/Tloc      ###.....     32%         4    ####...
 Fulminant Prism          Conj/Hex       ###.......   32%         4    ####...


Dungeon Overview and Level Annotations

Branches:
Dungeon (3/15)

Altars:
Cheibriados
Dithmenos
Hepliaklqana


Message History

Aiming: Magic Dart (safe; 1% risk of failure)
Press: ? - help, Shift-Dir - straight line, f/p - orc wizard
Aim: an orc wizard, wielding a +0 dagger and wearing a +0 robe (heavily wounded)
The magic dart hits the orc wizard.
The orc wizard is heavily wounded.
You feel sick.
The orc wizard mumbles some strange words.
The orc wizard blinks!
The orc wizard gestures at you while chanting.
The magic dart hits you!
* * * LOW HITPOINT WARNING * * *
Casting: Magic Dart (safe; 1% risk of failure)
Confirm with . or Enter, or press ? or * to list all spells.
Aiming: Magic Dart (safe; 1% risk of failure)
Press: ? - help, Shift-Dir - straight line, f/p - orc wizard
Aim: an orc wizard, wielding a +0 dagger and wearing a +0 robe (heavily wounded)
The magic dart hits the orc wizard.
The orc wizard is almost dead.
The orc wizard hits you with a +0 dagger.
You die...

########
.......####
.##.......##
....#####..#
##### ##.#
#.##
#..#######
##.o...@ยง#
#.#####o#
#'# )# . ...
)# . )....
.# . ...##..
.# .
#..####.. .#
.
'..####..###
.#...##...#


You could see 2 orc wizards.

Vanquished Creatures
  An orc priest (D:3)
  Terence (D:2)
  Natasha (D:3)
  2 adders (D:2)
  2 oozes
  2 worms (D:2)
  2 leopard geckos
  An orc (D:3)
  A ball python (D:3)
  4 bats
  A giant cockroach (D:1)
  9 goblins
  6 hobgoblins
  5 jackals (D:2)
  4 frilled lizards
  8 kobolds
  8 rats
58 creatures vanquished.

Notes
Turn   | Place    | Note
-------+----------+-------------------------------------------
     0 | D:1      | infcreate the Deep Elf Conjurer began the quest for the
                  | Orb.
     0 | D:1      | Reached XP level 1. HP: 10/10 MP: 6/6
   308 | D:1      | Reached XP level 2. HP: 15/15 MP: 2/8
   375 | D:1      | Reached skill level 5 in Conjurations
   722 | D:1      | Learned a level 2 spell: Searing Ray
   741 | D:2      | Found a shadowy altar of Dithmenos.
   760 | D:2      | Reached XP level 3. HP: 19/19 MP: 6/9
  1064 | D:2      | Found a snail-covered altar of Cheibriados.
  1091 | D:2      | Found a hazy altar of Hepliaklqana.
  1266 | D:2      | Noticed Terence
  1275 | D:2      | Killed Terence
  1275 | D:2      | Reached XP level 4. HP: 17/24 MP: 1/11
  1359 | D:2      | Learned a level 3 spell: Dazzling Spray
  1810 | D:2      | Learned a level 4 spell: Iskenderun's Mystic Blast
  1811 | D:3      | Noticed Natasha
  2021 | D:3      | Killed Natasha
  2021 | D:3      | Reached XP level 5. HP: 26/28 MP: 8/13
  2099 | D:3      | Slain by an orc wizard

Skill      XL: |  1  2  3  4 |
---------------+-------------+-----
Conjurations   | 5 |  5.9
Dodging        | 3 |  3.4
Spellcasting   | 4 |  4.5
Stealth        | 3 |  3.1

Action                   |  1- 3 |  4- 6 || total
-------------------------+-------+-------++-------
 Cast: Magic Dart        |    81 |    45 ||   126
       Searing Ray       |     3 |     1 ||     4
       Iskenderun's Myst |       |     2 ||     2
  Eat: Chunk             |     1 |     3 ||     4
Armor: Robe              |     2 |     2 ||     4
Dodge: Dodged            |     8 |    15 ||    23
